 Dungeon Crawl Stone Soup version 0.28-b1-1-g3c77fb2ed1 (webtiles) character file.

Game seed: 10902504587091038191

260 zeram the Cutter (level 6, -3/42 HPs)
             Began as an Octopode Fighter on Jan 28, 2022.
             Slain by zeram's ghost (11 damage)
             ... on level 3 of the Dungeon.
             The game lasted 00:03:30 (3973 turns).

zeram the Cutter (Octopode Fighter)                 Turns: 3973, Time: 00:03:31

Health: -3/42      AC:  1    Str: 16    XL:     6   Next: 17%
Magic:  6/6        EV: 13    Int: 12    God:
Gold:   121        SH:  5    Dex: 11    Spells: 5/5 levels left

rFire   . . .      SeeInvis .   a - +1 rapier
rCold   . . .      Faith    .   b - +1 buckler
rNeg    . . .      Spirit   .   (helmet restricted)
rPois   .          Reflect  .   (no amulet)
rElec   .          Harm     .   g - ring of wizardry
rCorr   .          Rampage  .   (no ring)
Will    .....                   (no ring)
Stlth   ++........              (no ring)
HPRegen 0.14/turn               (no ring)
MPRegen 0.10/turn               (no ring)
                                (no ring)
                                (no ring)

@: no status effects
A: almost no armour, amphibious, 8 rings, camouflage 1, gelatinous body 1,
(nimble swimmer 1), tentacles
a: no special abilities


You were on level 3 of the Dungeon.
You visited 1 branch of the dungeon, and saw 4 of its levels.

You collected 121 gold pieces.

Inventory:

Hand Weapons
 a - a +1 rapier (weapon)
Missiles
 d - 7 poisoned darts (quivered)
Armour
 b - a +1 buckler (worn)
Jewellery
 g - a ring of wizardry (left tentacle)
Wands
 l - a wand of charming (5)
Scrolls
 f - a scroll of vulnerability {unknown}
 h - a scroll of teleportation {unknown}
 i - 3 scrolls of enchant armour
 j - a scroll of identify
Potions
 e - a potion of degeneration


   Skills:
 - Level 3.0 Fighting
 + Level 4.8 Short Blades
 + Level 4.2 Dodging
 + Level 3.9 Shields


You had 5 spell levels left.
You didn't know any spells.
Your spell library contained the following spells:

 Spells                   Type           Power      Damage    Failure   Level
 Gell's Gravitas          Tloc           0%         N/A       43%         3
 Teleport Other           Tloc           0%         N/A       43%         3
 Dispersal                Tloc           0%         N/A       100%        6


Dungeon Overview and Level Annotations

Branches:
Dungeon (4/15)
 Temple: D:4-7

Altars:
Makhleb
Sif Muna
The Shining One
Beogh

Annotations:
D:3 zeram's ghost, novice GrFi


Innate Abilities, Weirdness & Mutations

You cannot wear most types of armour.
You are amphibious.
You can wear up to eight rings at the same time.
Your skin changes colour to match your surroundings (Stealth+).
Your rubbery body absorbs attacks. (AC +1, EV +1)
((You are camouflaged when in or above water. (Stealth+)))
You have tentacles for arms and can constrict up to eight enemies at once.


Message History

There is a stone staircase leading down here.
You start resting.
Your extra speed is starting to run out.
You start resting.
You feel yourself slow down.
You start resting.
You feel a little less mighty now.
You start resting.
HP restored.
You climb downwards.
Level annotation: zeram's ghost, novice GrFi The orc barely misses you.
There is a stone staircase leading up here.
Unknown command.
You block the orc's attack.
You climb upwards.
There is a stone staircase leading down here.
You hit the orc. Your grab misses the orc. Your squeeze misses the orc.
The orc is severely wounded.
You block the orc's attack.
You puncture the orc!
You kill the orc!
No target in view!
No target in view!
You climb downwards.
Level annotation: zeram's ghost, novice GrFi
There is a stone staircase leading up here.
Zeram's ghost hits you!
You climb upwards.
There is a stone staircase leading down here.
You hit zeram's ghost. Your squeeze misses zeram's ghost.
Zeram's ghost is lightly damaged.
Zeram's ghost hits you.
You are electrocuted!!
* * * LOW HITPOINT WARNING * * *
Okay, then.
As you read the scroll labelled VOZIUDAAST, it crumbles to dust.
It is a scroll of enchant armour.
Your +0 buckler glows green for a moment.
Zeram's ghost hits you!
You die...

###### #....#
########### #.....
#.........# #....#
#.........#########....#
#......@................
#.....W...#####........#
#.........#####.###....#
#.|.....................
#.........####..........
#.........# #...........
######..### #.#.........
#....###.###.#..###
##....#..# #.#.##


You could see zeram's ghost.

Vanquished Creatures
  2 hounds (D:4)
  A jelly (D:4)
  An orc priest (D:4)
  An iguana (D:4)
  4 adders
  An ufetubus (D:4)
  A worm (D:4)
  A dart slug (D:1)
  4 orcs
  13 ball pythons
  5 bats
  7 endoplasms
  2 giant cockroaches
  6 goblins
  3 hobgoblins
  4 kobolds
  5 quokkas
  A frilled lizard (D:1)
  3 rats
65 creatures vanquished.

Vanquished Creatures (others)
  5 toadstools (D:1)
5 creatures vanquished.

Grand Total: 70 creatures vanquished

Notes
Turn   | Place    | Note
-------+----------+-------------------------------------------
     0 | D:1      | zeram the Octopode Fighter began the quest for the Orb.
     0 | D:1      | Reached XP level 1. HP: 16/16 MP: 1/1
   249 | D:1      | Reached XP level 2. HP: 21/21 MP: 2/2
   566 | D:1      | Found a faded altar of an unknown god.
   722 | D:1      | Reached XP level 3. HP: 20/26 MP: 3/3
  2083 | D:3      | Reached XP level 4. HP: 31/31 MP: 4/4
  2527 | D:4      | Found a runed translucent gate.
  2642 | D:4      | Reached XP level 5. HP: 36/36 MP: 5/5
  2755 | D:4      | Found a glowing golden altar of the Shining One.
  2760 | D:4      | Found a burning altar of Makhleb.
  2841 | D:4      | Found a shimmering blue altar of Sif Muna.
  3204 | D:4      | Found a runed translucent gate.
  3209 | D:4      | Found a runed translucent gate.
  3210 | D:4      | Noticed zeram's ghost (novice GrFi)
  3343 | D:4      | Reached XP level 6. HP: 39/42 MP: 6/6
  3973 | D:3      | Slain by zeram's ghost

Illustrated notes

Levels and vault maps discovered:
D:1:      ldierk_walled_garden, layout_basic, hellmonk_ecumenical_altar_blasted,
          kennysheep_minor_cross, chequers_serial_rivers_large_a
D:2:      layout_rooms, minmay_circled_x
D:3:      layout_rooms
D:4:      layout_loops_ring, minmay_overflow_temple_star_quad,
          biasface_ghost_orc_armoury, minivault_5

Skill      XL: |  1  2  3  4  5 |
---------------+----------------+-----
Short Blades   | 3 4 |  4.8
Dodging        | 4 |  4.2
Fighting       | |  3.0
Shields        | |  3.9

Action                   |  1- 3 |  4- 6 || total
-------------------------+-------+-------++-------
Melee: Rapier            |    65 |    69 ||   134
       Constrict         |    10 |    14 ||    24
       Tentacles         |     6 |    11 ||    17
       Punch             |       |     1 ||     1
  Use: Scroll            |     5 |     2 ||     7
       Potion            |       |     2 ||     2
 Stab: Sleeping          |     8 |     6 ||    14
Armor: Skin              |     1 |     4 ||     5
Dodge: Dodged            |    32 |    50 ||    82
Block: Buckler           |    12 |    14 ||    26
